 Dungeon Crawl Stone Soup version 0.22-a0-305-gd21a89c (webtiles) character file.

1280 xccam the Cudgeler (level 8, -5/61 HPs)
             Began as a Formicid Fighter on Mar 30, 2018.
             Was a Follower of Cheibriados.
             Slain by a manticore (21 damage)
             ... on level 6 of the Dungeon.
             The game lasted 00:05:56 (3647 turns).

xccam the Cudgeler (Formicid Fighter)               Turns: 3647, Time: 00:05:57

Health: -5/61      AC:  9    Str: 25    XL:     8   Next: 84%
Magic:  8/8        EV:  9    Int: 13    God:    Cheibriados [*.....]
Gold:   222        SH: 11    Dex: 12    Spells: 7/7 levels left

rFire    . . .     SeeInvis +   a - +0 flail
rCold    . . .     Gourm    .   c - +0 shield
rNeg     . . .     Faith    +   n - +1 ring mail of Anaesthesia {rCorr Int+3}
rPois    .         Spirit   .   (helmet unavailable)
rElec    .         Reflect  .   (no cloak)
rCorr    +         Harm     .   m - +1 pair of gloves
MR       .....                  (no boots)
Stlth    +.........             h - amulet of faith
HPRegen  0.20/turn              o - ring of wizardry
MPRegen  0.11/turn              (no ring)

@: barbed spikes, very slow
A: permanent stasis, dig shafts and tunnels, four strong arms, antennae 3
a: Dig, Shaft Self, Bend Time, Renounce Religion


You were on level 6 of the Dungeon.
You worshipped Cheibriados.
Cheibriados was aware of your devotion.
You were not hungry.

You visited 2 branches of the dungeon, and saw 7 of its levels.

You collected 222 gold pieces.

Inventory:

Hand Weapons
 a - a +0 flail (weapon)
 r - a +0 morningstar
Armour
 c - a +0 shield (worn)
 k - a +0 large shield
 m - a +1 pair of gloves (worn)
 n - the +1 ring mail of Anaesthesia (worn) {rCorr Int+3}
   (You found it on level 4 of the Dungeon)

   It affects your intelligence (+3).
   It protects you from acid and corrosion.
Jewellery
 h - an amulet of faith (around neck)
 o - a ring of wizardry (left hand)
Wands
 j - a wand of polymorph (14)
Scrolls
 b - 3 scrolls of amnesia
 d - a scroll of remove curse
 i - a scroll of random uselessness
 l - a scroll of enchant weapon {unknown}
 q - 2 scrolls of fear {unknown}
 s - 3 scrolls of blinking {unknown}
 v - a scroll of identify
Potions
 e - a potion of magic
 g - 2 potions of lignification
 t - 2 potions of brilliance
Comestibles
 f - 12 rations
 p - 2 chunks of flesh


   Skills:
 * Level 4.3 Fighting
 + Level 7.3 Maces & Flails
 * Level 6.1 Armour
 * Level 6.7 Shields


You had 7 spell levels left.
You didn't know any spells.

Dungeon Overview and Level Annotations

Branches:
Dungeon (6/15)             Temple (1/1) D:4

Altars:
Ashenzari
Cheibriados
Dithmenos
Fedhas
Gozag
Kikubaaqudgha
Makhleb
Nemelex Xobeh
Okawaru
Qazlal
Trog
Uskayaw
Xom


Innate Abilities, Weirdness & Mutations

You cannot be hasted, slowed, berserked, paralysed or teleported.
You can dig through walls and to a lower floor.
Your four strong arms can wield two-handed weapons with a shield.
You have a pair of large antennae on your head. (SInv)


Message History

The volley of spikes hits you!
The barbed spikes become lodged in your body.
Found a quarterstaff.
Unknown command.
The manticore flicks its tail.
The volley of spikes hits you!
The barbed spikes become lodged in your body.
A wraith comes into view.
Unknown command.
You closely miss the manticore. You block the manticore's attack.
The manticore claws you. The manticore claws you!
You hit the manticore.
The manticore is lightly wounded.
The manticore bites you! You block the manticore's attack.
The manticore barely misses you. The wraith hits you. The manticore bites you!
* * * LOW HITPOINT WARNING * * *
You block the manticore's attack.
The manticore claws you but does no damage.
You feel better. The wraith misses you. The manticore bites you!!
You die...

{## ### # #.##.#
######## #)
##...####......##
#.##.##......###...#
#.W@###.####.##..#..
#.##H#
#..##.....###. .#.
##.##..##..#.. ## ##
..........†.
##.#..####... #.#..#
#### #.#..# ....#
#.#


You could see a manticore and a wraith.

Vanquished Creatures
  The ghost of Nib the Chopper, a novice DsGl (D:5)
  Sigmund (D:5)
  Menkaure (D:5)
  Duvessa (D:5)
  An ice beast (D:5)
  A centaur (D:5)
  Dowan (D:5)
  A howler monkey (D:4)
  A crimson imp (D:3)
  A hound (D:5)
  3 iguanas
  4 worker ants
  4 adders
  An ooze (D:2)
  2 worms
  6 dart slugs
  2 leopard geckos (D:6)
  6 orcs (D:3)
  A ball python (D:2)
  4 bats
  4 giant cockroaches
  5 goblins
  4 hobgoblins
  3 quokkas
  4 frilled lizards
  3 kobolds
  A leopard gecko skeleton (D:4)
  8 rats
75 creatures vanquished.

Notes
Turn   | Place    | Note
-------+----------+-------------------------------------------
     0 | D:1      | xccam the Formicid Fighter began the quest for the Orb.
     0 | D:1      | Reached XP level 1. HP: 18/18 MP: 1/1
    67 | D:1      | Reached XP level 2. HP: 18/24 MP: 2/2
   348 | D:1      | Reached skill level 3 in Maces & Flails
   733 | D:2      | Reached XP level 3. HP: 29/29 MP: 3/3
   771 | D:2      | Found a shattered altar of Ashenzari.
  1090 | D:2      | Reached skill level 4 in Maces & Flails
  1090 | D:2      | Reached XP level 4. HP: 26/35 MP: 4/4
  1370 | D:3      | Reached XP level 5. HP: 40/41 MP: 5/5
  1514 | D:3      | Reached skill level 5 in Maces & Flails
  2157 | D:4      | Found a staircase to the Ecumenical Temple.
  2266 | Temple   | Entered the Ecumenical Temple
  2327 | Temple   | Became a worshipper of Cheibriados the Contemplative
  2392 | D:4      | Reached XP level 6. HP: 40/47 MP: 6/6
  2445 | D:4      | Got a brightly glowing ring mail
  2456 | D:4      | Identified the +1 ring mail of Anaesthesia {rCorr Int+3} (You found it on level 4 of the Dungeon)
  2465 | D:4      | Reached skill level 6 in Maces & Flails
  2614 | D:5      | Entered Level 5 of the Dungeon
  2617 | D:5      | Noticed an ice beast
  2624 | D:5      | Killed an ice beast
  2624 | D:5      | Reached XP level 7. HP: 22/52 MP: 7/7
  2699 | D:5      | Found a burning altar of Makhleb.
  2705 | D:5      | Reached skill level 7 in Maces & Flails
  2726 | D:5      | Noticed Duvessa
  2727 | D:5      | Noticed Dowan
  2741 | D:5      | Killed Duvessa
  2742 | D:5      | Killed Dowan
  2772 | D:5      | Noticed Nib's ghost (novice DsGl)
  2782 | D:5      | Killed Nib's ghost
  2782 | D:5      | Reached skill level 5 in Armour
  2782 | D:5      | Reached skill level 5 in Shields
  2782 | D:5      | Reached XP level 8. HP: 23/58 MP: 8/8
  2783 | D:5      | Noticed Menkaure
  2801 | D:5      | Killed Menkaure
  2801 | D:5      | Reached * piety under Cheibriados
  2962 | D:5      | Noticed Sigmund
  2971 | D:5      | Killed Sigmund
  3642 | D:6      | Noticed a manticore
  3644 | D:6      | Noticed a wraith
  3647 | D:6      | Slain by a manticore

Vault maps used:
D:1:      minmay_arrival_four_houses, serial_curves, eino_curves_02,
          eino_curves_03, hangedman_abyss_or_decor_stabs
D:2:      evilmike_ruin_ashenzari
D:4:      temple_fountains
D:5:      first_ration, solitary_fountain, makhleb_heckhound_becter,
          uniq_duvessa, uniq_sigmund, uniq_menkaure
D:6:      minmay_cornered_nines, lemuel_crystal_altar, minmay_hedge_maze
Temple:   dshaligram_water_room_temple

Skill      XL: |  1  2  3  4  5  6  7  8 |
---------------+-------------------------+-----
Maces & Flails | 3 4 5 6 7 |  7.3
Armour         | 5 6 |  6.1
Shields        | 5 6 |  6.7
Fighting       | 4 |  4.3

Action                   |  1- 3 |  4- 6 |  7- 9 || total
-------------------------+-------+-------+-------++-------
Melee: Flail             |    97 |   158 |    86 ||   341
  Use: Scroll            |       |     5 |     5 ||    10
       Potion            |       |     1 |     5 ||     6
  Eat: Chunk             |       |     5 |     3 ||     8
Armor: Scale mail        |    51 |    77 |       ||   128
       Ring mail         |       |    10 |    22 ||    32
Dodge: Dodged            |    27 |    47 |    19 ||    93
Block: Shield            |    60 |    88 |    54 ||   202

Table legend:
 A = Spawn XP
 B = Non-spawn XP
 C = Spawn XP percentage of total XP
 D = Spawn monster count
 E = Non-spawn monster count
 F = Spawn count percentage of total count
 G = Total turns spent on level
                    A         B        C        D         E        F      G
               +---------+---------+-------+---------+---------+-------+---------
         Total |       0 |    1829 |   0.0 |       0 |      75 |   0.0 |  3647
               +---------+---------+-------+---------+---------+-------+---------
           D:1 |       0 |      27 |   0.0 |       0 |      13 |   0.0 |   730
           D:2 |       0 |      49 |   0.0 |       0 |      17 |   0.0 |   432
           D:3 |       0 |      90 |   0.0 |       0 |      18 |   0.0 |   555
           D:4 |       0 |     229 |   0.0 |       0 |      10 |   0.0 |   817
           D:5 |       0 |    1414 |   0.0 |       0 |      14 |   0.0 |   972
           D:6 |       0 |      20 |   0.0 |       0 |       3 |   0.0 |    61
               +---------+---------+-------+---------+---------+-------+---------
